AoeStats
← _LY_抖音肥龙

Arena

507500844Analyzed
4v4 RM · 13d ago on Sep 18, 2026· 41m 26s· 8 players
Game mode
Random Map
Map size
Large (8 player)
Population
200
Speed
Normal
Resources
Standard
Victory
Conquest
Starting age
Dark Age
Ending age
Imperial Age
RankedLock teamsTeams togetherTeam positionsShared explorationLock speedFull tech treeHidden civsTurbo modeCheats
Victory
Defeat
🇭🇰 Goths · Hong Kong SAR China
1838
+9
🇻🇳 Armenians · Vietnam
1593
+19
🇨🇳 Italians · China
1582
+20
🇨🇳 Tatars · China
1574
+20
🇬🇧 Bengalis · United Kingdom
1736
-20
🇬🇧 Britons · United Kingdom
1668
-17
🇳🇱 Cumans · Netherlands
1664
-17
🇮🇱 Persians · Israel
1597
-14
Gene_Parmesan__
10:47 Feudal Age
12:07 Double-Bit Axe
14:27 Castle Age
12:30 Horse Collar
15:21 Bow Saw
15:35 Heavy Plow
21:42 Wheelbarrow
20:53 Loom
23:42 Hand Cart
24:03 Stone Mining
24:07 Gold Mining
25:39 Devotion
29:21 Imperial Age
26:44 Man-at-Arms
27:24 Squires
27:09 Gambesons
27:12 Arson
27:33 Long Swordsman
28:16 Scale Mail Armor
29:05 Forging
29:37 Chain Mail Armor
29:24 Capped Ram
29:28 Two-Handed Swordsman
31:49 Conscription
32:20 Fletching
33:02 Plate Mail Armor
33:53 Iron Casting
33:13 Bodkin Arrow
33:32 Padded Archer Armor
34:44 Ballistics
35:24 Chemistry
35:23 Elite Longbowman
36:23 Bracer
36:29 Bracer
36:48 Leather Archer Armor
37:44 Town Watch
JustAGecko
10:44 Feudal Age
14:25 Castle Age
12:46 Double-Bit Axe
12:59 Horse Collar
15:28 Bow Saw
17:44 Loom
20:02 Wheelbarrow
23:50 Hand Cart
24:08 Heavy Plow
25:24 Gold Mining
25:27 Stone Mining
28:37 Imperial Age
25:57 Town Watch
26:25 Fletching
27:12 Gold Shaft Mining
27:10 Bodkin Arrow
27:17 Padded Archer Armor
27:39 Ballistics
29:05 Leather Archer Armor
29:16 Bloodlines
29:06 Husbandry
29:23 Bracer
30:28 Chemistry
29:20 Elite Elephant Archer
30:31 Ring Archer Armor
32:14 Two-Man Saw
32:41 Paiks
34:29 Mahayana
34:55 Siege Elephant
35:41 Scale Barding Armor
35:47 Forging
36:54 Chain Barding Armor
37:38 Conscription
38:16 Coinage
38:51 Plate Barding Armor
39:45 Banking
40:02 Iron Casting
Wavelogic
10:21 Feudal Age
14:14 Castle Age
13:09 Double-Bit Axe
13:05 Horse Collar
22:03 Bow Saw
22:59 Heavy Plow
23:43 Scale Barding Armor
24:00 Bloodlines
25:16 Wheelbarrow
25:29 Husbandry
25:43 Forging
26:10 Gold Mining
27:43 Hand Cart
27:15 Town Watch
28:35 Iron Casting
30:27 Chain Barding Armor
30:29 Loom
31:24 Gold Shaft Mining
31:46 Stone Mining
33:09 Stone Shaft Mining
35:14 Imperial Age
33:35 Fletching
34:54 Cavalier
36:10 Plate Barding Armor
37:54 Blast Furnace
36:37 Savar
37:38 Bodkin Arrow
38:12 Caravan
38:06 Elite War Elephant
39:07 Conscription
39:12 Ballistics
iThink
8:09 Feudal Age
8:49 Double-Bit Axe
12:52 Horse Collar
16:03 Wheelbarrow
19:50 Castle Age
17:55 Gold Mining
21:07 Bow Saw
20:58 Heavy Plow
21:23 Hand Cart
26:00 Imperial Age
23:40 Stone Mining
24:49 Bloodlines
25:36 Scale Barding Armor
26:37 Chain Barding Armor
26:28 Loom
26:30 Cavalier
28:30 Plate Barding Armor
31:47 Gold Shaft Mining
32:14 Two-Man Saw
31:26 Paladin
34:09 Forging
36:51 Iron Casting
_LY_抖音肥龙
10:25 Feudal Age
11:03 Double-Bit Axe
13:58 Castle Age
12:05 Horse Collar
14:56 Bow Saw
21:00 Wheelbarrow
21:11 Heavy Plow
23:20 Hand Cart
24:37 Gold Mining
24:38 Stone Mining
28:10 Imperial Age
25:32 Loom
27:07 Scale Mail Armor
26:48 Pikeman
27:28 Squires
27:33 Anarchy
27:44 Forging
28:45 Chain Mail Armor
28:54 Perfusion
29:28 Crop Rotation
30:01 Two-Man Saw
29:12 Guilds
30:00 Iron Casting
30:01 Conscription
29:28 Halberdier
30:42 Elite Huskarl
33:40 Blast Furnace
32:17 Man-at-Arms
33:00 Town Watch
41:42 Coinage
啦啦啦啦啦啦
10:57 Feudal Age
12:33 Double-Bit Axe
15:19 Castle Age
13:18 Horse Collar
16:04 Heavy Plow
23:26 Wheelbarrow
22:36 Loom
26:23 Hand Cart
25:53 Town Watch
30:28 Imperial Age
29:13 Bloodlines
29:04 Husbandry
29:56 Forging
29:52 Scale Barding Armor
29:48 Silk Armor
30:31 Elite Steppe Lancer
32:54 Iron Casting
32:40 Chain Barding Armor
32:41 Gold Mining
34:35 Blast Furnace
35:25 Plate Barding Armor
yuyuyuyuyu
0:26 Loom
10:18 Feudal Age
11:30 Double-Bit Axe
13:58 Castle Age
12:16 Horse Collar
14:57 Bow Saw
15:44 Wheelbarrow
20:55 Heavy Plow
21:45 Hand Cart
22:55 Stone Mining
22:56 Gold Mining
26:46 Imperial Age
24:36 Town Watch
24:36 Loom
24:44 Fletching
24:51 Treadmill Crane
26:30 Ballistics
26:14 Bodkin Arrow
28:36 Chemistry
28:43 Two-Man Saw
27:46 Bracer
28:49 Stone Shaft Mining
28:24 Padded Archer Armor
29:54 Conscription
30:10 Leather Archer Armor
29:51 Elite Genoese Crossbowman
31:41 Masonry
32:38 Ring Archer Armor
33:16 Architecture
33:24 Guilds
35:08 Pirotechnia
35:30 Elite Skirmisher
36:41 Bombard Tower
37:21 Crop Rotation
36:58 Caravan
40:45 Guard Tower
40:41 Arrowslits
40:53 Murder Holes
VIPN@U
9:34 Feudal Age
13:33 Castle Age
11:54 Double-Bit Axe
14:31 Bow Saw
18:53 Horse Collar
20:28 Gold Mining
21:52 Loom
22:38 Fletching
23:51 Wheelbarrow
23:47 Bodkin Arrow
25:14 Town Watch
25:31 Padded Archer Armor
26:24 Heavy Plow
27:27 Ballistics
31:36 Imperial Age
29:53 Leather Archer Armor
30:46 Pikeman
32:20 Bracer
33:29 Ring Archer Armor
33:22 Elite Composite Bowman
35:38 Conscription
35:24 Capped Ram
38:09 Chemistry
38:16 Hoardings
38:18 Hand Cart
37:55 Elite Skirmisher
40:31 Siege Ram
41:41 Squires
Connection lost

Rejoining the realm…

Still unreachable

The connection could not be restored.

Session expired

The server has moved on; the page needs a fresh start.